 Dungeon Crawl Stone Soup version 0.29-a0-824-gd827844252 (webtiles) character file.

Game seed: 1675160606457262959

1 LynnLen the Vexing (level 1, -2/10 HPs)
             Began as a Vampire Enchanter on July 10, 2022.
             Slain by a goblin
             ... wielding a +1 dagger of holy wrath
              (4 damage)
             ... on level 1 of the Dungeon.
             The game lasted 00:00:46 (39 turns).

LynnLen the Vexing (Vampire Enchanter)                Turns: 39, Time: 00:00:46

Health: -2/10      AC:  2    Str:  7    XL:     1   Next: 16%
Magic:  3/3        EV: 12    Int: 17    God:
Gold:   0          SH:  0    Dex: 14    Spells: 4/4 levels left

rFire   . . .      SeeInvis +   a - +1 dagger
rCold   + + .      Faith    .   (no shield)
rNeg    + + +      Spirit   .   b - +0 robe
rPois   ∞          Reflect  .   (no helmet)
rElec   .          Harm     .   (no cloak)
rCorr   .          Rampage  .   (no gloves)
Will    .....                   (no boots)
Stlth   +++++.....              (no amulet)
HPRegen 0.00/turn               (no ring)
MPRegen 0.08/turn               (no ring)

@: bloodless, inhibited regen
A: bloodless, fangs 3, see invisible, vampiric 1
a: Revivify


You were on level 1 of the Dungeon.
You visited 1 branch of the dungeon, and saw 1 of its levels.

Inventory:

Hand Weapons
 a - a +1 dagger (weapon)
Armour
 b - a +0 robe (worn)
Scrolls
 d - a scroll of identify {unknown}
Potions
 c - 2 potions of invisibility


   Skills:
 * Level 1.1 Short Blades
 + Level 2.2 Dodging
 + Level 4.4 Stealth
 + Level 2.0 Spellcasting
 - Level 4.4 Hexes


You had 4 spell levels left.
You didn't know any spells.
Your spell library contained the following spells:

 Spells                   Type           Power      Damage    Failure   Level
 Confusing Touch          Hex            16%        N/A       10%         3
 Tukima's Dance           Hex            16%        N/A       10%         3
 Ensorcelled Hibernation  Hex/Ice        18%        N/A       12%         2
 Dazzling Flash           Conj/Hex       18%        N/A       24%         3


Dungeon Overview and Level Annotations

Branches:
Dungeon (1/15)

Altars:


Innate Abilities, Weirdness & Mutations

You do not regenerate when monsters are visible.
You are frail without blood (-20% HP).
You can heal yourself when you bite living creatures.
You are immune to poison.
You have razor-sharp teeth.
You have supernaturally acute eyesight. (SInv)
You are afflicted with vampirism.


Message History

Welcome, LynnLen the Vampire Enchanter.
They say the Orb of Zot lies within this dungeon, but they say a lot of things.
Press ? for a list of commands and other information.
Found a scroll labelled QEUGETRE VYSKY.
Found a staircase leading out of the dungeon.
Okay, then.
d - a scroll labelled QEUGETRE VYSKY A goblin comes into view.
It is wielding a +0 club.
You begin bloodletting.
You continue bloodletting. x5
HP restored.
You become bloodless.
The helpless goblin fails to defend itself.
You bite the goblin, and draw its blood!
You impale the goblin!!
You kill the goblin!
Things that are here:
a +0 club; a goblin corpse A goblin comes into view.
It is wielding a +1 dagger of holy wrath.
A goblin comes into view. It is wielding a +0 dagger.
Found 12 gold pieces.
The goblin shouts! x2
Found a plate armour.
The goblin hits you with a +1 dagger of holy wrath.
You convulse.
Ouch! That really hurt!
* * * LOW HITPOINT WARNING * * *
The goblin attacks as you move away!
The goblin hits you with a +1 dagger of holy wrath.
You die...

..###.......)...#.#
...##.##.#####....#
.#.##.##.# #.#.##
.#.##.##.# #.#.#
.#....##.# #.#.#
.#.#####.#####.#.#
.#.# .....[..#.#
.#.# ........#.#
.#.... ......g@#
.#.....
$......g......#
.#.####
.....##....##.#
...# ..... #.##..#
.... .... ... ..#
.#.## ... ### .#
..P . ..


You could see 2 goblins.

Vanquished Creatures
  A goblin (D:1)
1 creature vanquished.

Notes
Turn   | Place    | Note
-------+----------+-------------------------------------------
     0 | D:1      | LynnLen the Vampire Enchanter began the quest for the Orb.
     0 | D:1      | Reached XP level 1. HP: 13/13 MP: 3/3
    39 | D:1      | Slain by a goblin

Illustrated notes

Levels and vault maps discovered:
D:1:      minmay_arrival_semitransparent, layout_loops_ring,
          shapermc_ecumenical_altar_rom_forum,
          amcnicky_mini_rare_corridor_liquid

Action                   || total
-------------------------++-------
Melee: Dagger            ||     1
 Abil: Exsanguinate      ||     1
 Stab: Sleeping          ||     1

Table legend: (Time is in decaauts)
 A = Elapsed time spent in this place.
 B = Non-inter-level travel time spent in this place.
 C = Inter-level travel time spent in this place.
 D = Time resting spent in this place.
 E = Time spent auto-exploring this place.
 F = Levels seen in this place.
 G = Mean time per level.
                   A        B        C        D        E       F      G
               +--------+--------+--------+--------+--------+-----+--------+
         Total |     38 |     38 |      0 |      0 |     17 |   1 |   38.0 |
       Dungeon |     38 |     38 |      0 |      0 |     17 |   1 |   38.0 |
               +--------+--------+--------+--------+--------+-----+--------+

Top non-repeatable levels by time:
     D:1: 38 daAuts
